 Dungeon Crawl Stone Soup version 0.22-a0-160-gcc81d7a (webtiles) character file.

32 vishdafish the Charmwright (level 3, -1/27 HPs)
             Began as a Demonspawn Skald on Feb 10, 2018.
             Slain by a hobgoblin
             ... wielding a +0 club
              (4 damage)
             ... on level 2 of the Dungeon.
             The game lasted 00:02:13 (686 turns).

vishdafish the Charmwright (Demonspawn Skald)        Turns: 686, Time: 00:02:14

Health: -1/27      AC:  3    Str: 11    XL:     3   Next: 8%
Magic:  4/6        EV: 12    Int: 20    God:
Gold:   60         SH:  0    Dex: 12    Spells: 5/6 levels left

rFire    . . .     SeeInvis .   a - +0 falchion
rCold    . . .     Gourm    .   (no shield)
rNeg     . . .     Faith    .   b - +0 leather armour
rPois    .         Spirit   .   (no helmet)
rElec    .         Reflect  .   (no cloak)
rCorr    .         Harm     .   (no gloves)
MR       .....                  (no boots)
Stlth    +.........             (no amulet)
HPRegen  0.09/turn              (no ring)
MPRegen  0.10/turn              (no ring)

@: brilliant, lethally poisoned (-1 -> -5)
A: talons 1
a: no special abilities


You were on level 2 of the Dungeon.
You were not hungry.

You visited 1 branch of the dungeon, and saw 2 of its levels.

You collected 60 gold pieces.

Inventory:

Hand Weapons
 a - a +0 falchion (weapon)
Armour
 b - a +0 leather armour (worn)
Scrolls
 f - 2 scrolls of teleportation
 g - a scroll of identify {unknown}
Books
 c - a book of Battle

   Spells                             Type                      Level
   a - Infusion                       Charms                       1
   b - Shroud of Golubria             Charms/Translocation         2
   c - Song of Slaying                Charms                       2
   d - Spectral Weapon                Hexes/Charms                 3
   e - Regeneration                   Charms/Necromancy            3
Comestibles
 d - 5 rations


   Skills:
 - Level 2.0 Fighting
 + Level 2.1 Long Blades
 + Level 1.4 Armour
 + Level 2.1 Dodging
 - Level 2.0 Spellcasting
 + Level 3.0 Charms


You had 5 spell levels left.
You knew the following spells:

 Your Spells              Type           Power        Failure   Level  Hunger
a - Infusion              Chrm           ####         1%          1    #......


Dungeon Overview and Level Annotations

Branches:
Dungeon (2/15)

Altars:


Innate Abilities, Weirdness & Mutations

You have sharp toenails.


Message History

The worker ant is moderately wounded.
You aren't carrying any potions.
As you read the scroll labeled OJOLYA XUICIFF, it crumbles to dust.
You feel blessed for a moment.
It was a scroll of remove curse.
The worker ant bites you but does no damage.
You aren't carrying any potions.
As you read the scroll labeled ACIKEE IFOLUS, it crumbles to dust.
You feel strangely unstable.
It was a scroll of teleportation.
* * * LOW HITPOINT WARNING * * *
You feel sick. The worker ant barely misses you.
You are no longer magically infusing your attacks.
The worker ant barely misses you.
There is an open door here.
* * * LOW HITPOINT WARNING * * *
You feel sick.
Your surroundings suddenly seem different.
A hobgoblin comes into view. It is wielding a club.
You closely miss the hobgoblin. Your kick misses the hobgoblin.
The hobgoblin hits you with a club.
You die...

###+###..
#@.....#
#g.....#
.......#
##......#
#......#
######
########
.....#
.....#
.....#


You could see a hobgoblin.

Vanquished Creatures
  An adder (D:2)
  A worm (D:2)
  A dart slug (D:1)
  A ball python (D:1)
  2 giant cockroaches (D:1)
  A goblin (D:1)
  2 hobgoblins (D:1)
  2 bats (D:1)
  2 frilled lizards (D:1)
  2 kobolds
  5 rats
20 creatures vanquished.

Notes
Turn   | Place    | Note
-------+----------+-------------------------------------------
     0 | D:1      | vishdafish the Demonspawn Skald began the quest for the Orb.
     0 | D:1      | Reached XP level 1. HP: 16/16 MP: 3/3
    82 | D:1      | Reached skill level 1 in Armour
   105 | D:1      | Gained mutation: You have sharp toenails. [demonic ancestry]
   105 | D:1      | Reached XP level 2. HP: 18/22 MP: 0/5
   350 | D:1      | Reached skill level 3 in Charms
   624 | D:2      | Reached XP level 3. HP: 26/27 MP: 3/6
   686 | D:2      | Slain by a hobgoblin

Vault maps used:
D:1:      minmay_arrival_diagonal_passages, serial_bayou_lagoon_b
D:2:      minmay_wonky_spiral, chequers_ecumenical_altar_grove, first_ration

Skill      XL: |  1  2 |
---------------+-------+-----
Armour         | 1 |  1.4
Long Blades    | 2 |  2.1
Dodging        | 2 |  2.1
Charms         | 3 |  3.0
Fighting       | |  2.0
Spellcasting   | |  2.0

Action                   || total
-------------------------++-------
Melee: Falchion          ||    45
       Kick              ||     5
 Cast: Infusion          ||     4
  Use: Scroll            ||     2
       Potion            ||     1
 Stab: Sleeping          ||     1
Armor: Leather armour    ||     8
Dodge: Dodged            ||    35
       Rpst.: Falchion   ||     6

Table legend:
 A = Spawn XP
 B = Non-spawn XP
 C = Spawn XP percentage of total XP
 D = Spawn monster count
 E = Non-spawn monster count
 F = Spawn count percentage of total count
 G = Total turns spent on level
                    A         B        C        D         E        F      G
               +---------+---------+-------+---------+---------+-------+---------
         Total |       0 |      46 |   0.0 |       0 |      20 |   0.0 |   686
               +---------+---------+-------+---------+---------+-------+---------
           D:1 |       0 |      25 |   0.0 |       0 |      16 |   0.0 |   474
           D:2 |       0 |      21 |   0.0 |       0 |       4 |   0.0 |   212
               +---------+---------+-------+---------+---------+-------+---------
